 Dungeon Crawl Stone Soup version 0.26-a0-712-ga5a9c9c9d0 (webtiles) character file.

Game seed: 4534278707587723554

1650 Sin92 the Chopper (level 8, -5/62 HPs)
             Began as a Demonspawn Fighter on Nov 1, 2020.
             Was a Follower of Okawaru.
             Slain by an ice beast (11 damage)
             ... on level 6 of the Dungeon.
             The game lasted 00:09:26 (5729 turns).

Sin92 the Chopper (Demonspawn Fighter)              Turns: 5729, Time: 00:09:26

Health: -5/62      AC: 13    Str: 18    XL:     8   Next: 67%
Magic:  10/10      EV:  4    Int: 13    God:    Okawaru [*.....]
Gold:   270        SH:  9    Dex: 12    Spells: 7/7 levels left

rFire    + + .     SeeInvis .   a - +0 war axe
rCold    . . .     Faith    .   c - +0 kite shield
rNeg     . . .     Spirit   .   b - +0 plate armour
rPois    .         Reflect  .   (helmet restricted)
rElec    .         Harm     .   (no cloak)
rCorr    .         Rampage  .   (no gloves)
MR       .....                  u - +0 pair of boots
Stlth    ..........             y - amulet of the acrobat
HPRegen  0.20/turn              t - ring of protection from fire
MPRegen  0.12/turn              r - ring of protection from fire

@: invisible
A: horns 2, powered by pain 1, big brain 1
a: Heroism, Renounce Religion


You were on level 6 of the Dungeon.
You worshipped Okawaru.
Okawaru was aware of your devotion.
You visited 1 branch of the dungeon, and saw 6 of its levels.

You collected 270 gold pieces.

Inventory:

Hand Weapons
 a - a +0 war axe (weapon)
 o - a +5 spear of flaming
Armour
 b - a +0 plate armour (worn)
 c - a +0 kite shield (worn)
 u - a +0 pair of boots (worn)
 z - a +0 chain mail
Jewellery
 q - an uncursed amulet of magic regeneration
 r - a ring of protection from fire (right hand)
 t - a ring of protection from fire (left hand)
 y - an amulet of the acrobat (around neck)
 A - an uncursed ring of wizardry {unknown}
Wands
 j - a wand of iceblast (11)
 v - a wand of flame (9)
Scrolls
 h - 3 scrolls of fog
 k - 5 scrolls of identify
 l - 4 scrolls of teleportation
 m - 2 scrolls of enchant weapon {unknown}
 p - 2 scrolls of immolation {unknown}
 B - a scroll of remove curse
Potions
 d - a potion of might
 e - a potion of cancellation
 g - 4 potions of lignification
 i - a potion of haste
 n - a potion of magic {unknown}
 s - 5 potions of curing
 w - a potion of heal wounds {unknown}
 x - a potion of mutation {unknown}


   Skills:
 + Level 5.1 Fighting
 * Level 5.7(5.9) Axes
 + Level 1.7(4.0) Polearms
 + Level 4.7 Armour
 + Level 3.6 Dodging
 + Level 4.7 Shields
 + Level 3.1 Invocations


You had 7 spell levels left.
You didn't know any spells.
Your spell library was empty.

Dungeon Overview and Level Annotations

Branches:
Dungeon (6/15)             Temple (0/1) D:5

Altars:
Hepliaklqana
Kikubaaqudgha
Makhleb
Okawaru
Qazlal
The Shining One

Shops:
D:6 (


Innate Abilities, Weirdness & Mutations

You have a pair of horns on your head.
You sometimes gain a little power by taking damage.
You have an unusually large brain. (Int +2)


Message History

The worker ant waves its antennae.
The worker ant bites you.
You slash the worker ant!
You kill the worker ant!
Okawaru accepts your kill.
You hit the ice beast.
The ice beast is lightly wounded.
The ice beast hits you. The ice beast freezes you!
* * * LOW HITPOINT WARNING * * *
The ice beast hits you.
* * * LOW HITPOINT WARNING * * *
The ice beast freezes you!
* * * LOW HITPOINT WARNING * * *
It was a potion of curing.
You feel better. You block the ice beast's attack.
It was a potion of invisibility.
You fade into invisibility!
The ice beast hits you.
* * * LOW HITPOINT WARNING * * *
The ice beast freezes you!
You die...

#...# #####.......)...+
#...# #...............#
#...###.†.............#
#.......†.............##
#.......................
###.......B.............
#....##.....####........
#.##8##Y##### #....†...
#. #<##@# #####....
#.8.∩.8.# .... ####.####
.... # .... .... ....
....


You could see an ice beast.

Vanquished Creatures
  Sigmund (D:5)
  An ice beast (D:4)
  A necrophage (D:5)
  A centaur (D:6)
  2 ogres
  Blork the orc (D:5)
  A bullfrog (D:5)
  A scorpion (D:5)
  A howler monkey (D:6)
  3 hounds
  2 orc priests (D:4)
  3 iron imps (D:4)
  A centaur skeleton (D:6)
  Ijyb (D:5)
  2 iguanas
  6 worker ants
  A hound skeleton (D:4)
  A howler monkey zombie (D:6)
  Robin (D:4)
  2 howler monkey skeletons
  4 gnolls (D:6)
  9 adders
  A white imp (D:6)
  3 ufetubi
  An ooze (D:4)
  A worm (D:2)
  A dart slug (D:1)
  6 leopard geckos
  18 orcs
  5 giant cockroaches
  19 goblins
  8 hobgoblins
  14 jackals
  A quokka (D:5)
  5 ball pythons
  8 bats
  6 frilled lizards
  11 kobolds
  A quokka skeleton (D:6)
  10 rats
165 creatures vanquished.

Notes
Turn   | Place    | Note
-------+----------+-------------------------------------------
     0 | D:1      | Sin92 the Demonspawn Fighter began the quest for the Orb.
     0 | D:1      | Reached XP level 1. HP: 18/18 MP: 1/1
   304 | D:1      | Gained mutation: You have a pair of small horns on your
                  | head. [demonic ancestry]
   304 | D:1      | Reached XP level 2. HP: 24/24 MP: 2/2
   605 | D:1      | Reached XP level 3. HP: 29/29 MP: 3/3
   903 | D:2      | Found a glowing golden altar of the Shining One.
  1129 | D:2      | Found a hazy altar of Hepliaklqana.
  1192 | D:2      | Reached skill level 1 in Dodging
  1249 | D:2      | Gained mutation: You have a pair of horns on your head.
                  | [demonic ancestry]
  1249 | D:2      | Reached XP level 4. HP: 35/35 MP: 4/4
  2141 | D:3      | You fall into a shaft and drop 2 floors!
  2141 | D:5      | Entered Level 5 of the Dungeon
  2142 | D:5      | Noticed Sigmund
  2157 | D:5      | Killed Sigmund
  2157 | D:5      | Gained mutation: You sometimes gain a little power by
                  | taking damage. [demonic ancestry]
  2157 | D:5      | Reached XP level 5. HP: 7/42 MP: 5/5
  2157 | D:5      | Reached XP level 6. HP: 8/48 MP: 6/6
  2214 | D:5      | Noticed Ijyb
  2225 | D:5      | Killed Ijyb
  2817 | D:4      | Found a burning altar of Makhleb.
  2864 | D:4      | Found an iron altar of Okawaru.
  2898 | D:4      | Reached XP level 7. HP: 13/54 MP: 7/7
  2908 | D:4      | Became a worshipper of Warmaster Okawaru
  3611 | D:3      | Found an ancient bone altar of Kikubaaqudgha.
  3733 | D:4      | Found a stormy altar of Qazlal.
  4199 | D:4      | Got a sapphire whip
  4200 | D:4      | Identified the +1 whip of the Ten Priests {freeze, Str+3}
                  | (You found it on level 4 of the Dungeon)
  4286 | D:4      | Noticed Robin
  4291 | D:4      | Reached skill level 1 in Invocations
  4308 | D:4      | Killed Robin
  4706 | D:5      | Reached skill level 5 in Axes
  4732 | D:5      | Reached * piety under Okawaru
  4753 | D:5      | Found a staircase to the Ecumenical Temple.
  4783 | D:5      | Gained mutation: You have an unusually large brain. (Int
                  | +2) [demonic ancestry]
  4783 | D:5      | Reached XP level 8. HP: 51/61 MP: 9/9
  5040 | D:5      | Reached skill level 1 in Polearms
  5112 | D:5      | Noticed Blork the orc
  5122 | D:5      | Killed Blork the orc
  5478 | D:6      | Reached skill level 5 in Fighting
  5668 | D:6      | Found Uxoipiff's Weapon Boutique.
  5727 | D:6      | HP: 1/61 [ice beast (12)]
  5729 | D:6      | Slain by an ice beast

Illustrated notes

Levels and vault maps discovered:
D:1:      enne_arrival_octagon_isle, layout_rooms, serial_glass,
          glass_columns_a, glass_columns_a, feat_on_display,
          minmay_strange_pillars
D:2:      minmay_wonky_spiral, layout_loops_ring,
          nicolae_overflow_crystal_walls, lemuel_coloured_pillars_altar
D:3:      layout_basic, nicolae_overflow_hidden_temple
D:4:      layout_basic, demons_altar, lemuel_doored_altar,
          okawaru_metal_pillars_3, corner_web_ring, kennysheep_generic_room_5,
          uniq_robin
D:5:      wad_pebble_path, layout_cave_pools,
          minmay_temple_entry_enclosed_plants, uniq_ijyb, uniq_blork_the_orc,
          uniq_sigmund
D:6:      minmay_razor_zed, layout_basic, serial_shops,
          nicolae_shop_statue_plus, gammafunk_ghost_arena

Skill      XL: |  1  2  3  4  5  6  7  8 |
---------------+-------------------------+-----
Axes           | 2 3 4 5 |  5.7
Shields        | 3 4 |  4.7
Armour         | 3 4 |  4.7
Dodging        | 1 2 3 |  3.6
Fighting       | 4 5 |  5.1
Invocations    | 1 3 |  3.1
Polearms       | 1 |  1.7

Action                   |  1- 3 |  4- 6 |  7- 9 || total
-------------------------+-------+-------+-------++-------
Melee: War axe           |   124 |   100 |   261 ||   485
       Headbutt          |    16 |    16 |    39 ||    71
  Use: Scroll            |       |     4 |     1 ||     5
       Potion            |       |     3 |     2 ||     5
Armor: Scale mail        |    66 |    32 |    46 ||   144
       Chain mail        |       |       |    13 ||    13
       Plate armour      |       |       |    75 ||    75
Dodge: Dodged            |    42 |    33 |    77 ||   152
Block: Kite shield       |    71 |    48 |   125 ||   244

Table legend: (Time is in decaauts)
 A = Elapsed time spent in this place.
 B = Non-inter-level travel time spent in this place.
 C = Inter-level travel time spent in this place.
 D = Time resting spent in this place.
 E = Time spent auto-exploring this place.
 F = Levels seen in this place.
 G = Mean time per level.
                   A        B        C        D        E       F      G
               +--------+--------+--------+--------+--------+-----+--------+
         Total |   5890 |   5686 |    204 |   1135 |   3263 |   6 |  981.7 |
       Dungeon |   5890 |   5686 |    204 |   1135 |   3263 |   6 |  981.7 |
               +--------+--------+--------+--------+--------+-----+--------+

Top non-repeatable levels by time:
     D:4: 1372 daAuts
     D:3: 1106 daAuts
     D:2: 1067 daAuts
     D:5: 1005 daAuts
     D:1: 853 daAuts
     D:6: 484 daAuts
